 Dungeon Crawl Stone Soup version 0.31-a0-806-g0bc164a743 (webtiles) character file.

Game seed: 4616572175455799732

32 pokeman the Magician (level 3, -2/20 HPs)
             Began as a Deep Elf Hedge Wizard on Sept 20, 2023.
             Killed from afar by Natasha (9 damage)
             ... with a magic dart
             ... on level 1 of the Dungeon.
             The game lasted 00:02:04 (1494 turns).

pokeman the Magician (Deep Elf Hedge Wizard)        Turns: 1494, Time: 00:02:05

Health: -2/20      AC:  2    Str:  7    XL:     3   Next: 10%
Magic:  10/11      EV: 12    Int: 20    God:
Gold:   86         SH:  0    Dex: 14    Spells: 11/12 levels left

rFire   . . .        a - +0 dagger
rCold   . . .        (no shield)
rNeg    . . .        b - +0 robe
rPois   .            c - +0 hat
rElec   .            (no cloak)
rCorr   .            (no gloves)
SInv    .            (no boots)
Will    .....        (no amulet)
Stlth   ++           j - ring of flight
HPRegen 0.23/turn    (no ring)
MPRegen 0.12/turn

%: no passive effects
@: flying
A: no striking features
a: no special abilities


You were on level 1 of the Dungeon.
You visited 1 branch of the dungeon, and saw 2 of its levels.

You collected 86 gold pieces.

Inventory:

Hand Weapons
 a - a +0 dagger (weapon)
Armour
 b - a +0 robe (worn)
 c - a +0 hat (worn)
Magical Staves
 i - a staff of earth
Jewellery
 j - a ring of flight (left hand)
Scrolls
 e - 2 scrolls of identify {unknown}
 g - a scroll of poison {unknown}
 k - a scroll of butterflies {unknown}
Potions
 d - a potion of magic
 f - 2 potions of curing {unknown}
 h - 2 potions of enlightenment {unknown}


   Skills:
 + Level 0.7 Fighting
 + Level 0.8 Armour
 - Level 2.4 Dodging
 - Level 2.4 Stealth
 * Level 5.1 Spellcasting
 + Level 1.7 Conjurations
 - Level 1.1 Summonings
 - Level 1.1 Translocations


You had 11 spell levels left.
You knew the following spells:

 Your Spells              Type           Power      Damage    Failure   Level
a - Magic Dart            Conj           48%        1d5       5%          1

Your spell library contained the following spells:

 Spells                   Type           Power      Damage    Failure   Level
 Blink                    Tloc           18%        N/A       11%         2
 Call Imp                 Summ           18%        N/A       11%         2
 Slow                     Hex            20%        N/A       12%         1
 Cigotuvi's Dreadful Rot  Necr/Pois/Air  10%        N/A       17%         2
 Mephitic Cloud           Conj/Pois/Air  7%         N/A       26%         3


Dungeon Overview and Level Annotations

Branches:
Dungeon (2/15)

Altars:

Shops:
D:1 (

Annotations:
D:1 Natasha


Message History

Confirm with . or Enter, or press ? or * to list all spells.
Aiming: Magic Dart (safe; 5% risk of failure)
Press: ? - help, Shift-Dir - straight line, f/p - quokka
Aim: a quokka (100% to hit)
The magic dart hits the quokka.
The quokka is severely wounded.
Natasha hisses angrily.
The quokka bites you.
Casting: Magic Dart (safe; 5% risk of failure)
Confirm with . or Enter, or press ? or * to list all spells.
Aiming: Magic Dart (safe; 5% risk of failure)
Press: ? - help, Shift-Dir - straight line, f/p - quokka
Aim: a quokka (severely wounded, 100% to hit)
The magic dart hits the quokka.
You kill the quokka!
Natasha extends her claws.
Natasha mumbles some strange words.
Natasha claws you. The cerulean imp closely misses you.
You fly upwards.
The cerulean imp disappears in a puff of smoke!
There is a stone staircase leading down here.
Casting: Magic Dart (safe; 5% risk of failure)
Confirm with . or Enter, or press ? or * to list all spells.
You don't know that spell.
Natasha is nearby!
Unknown command.
Natasha stares at you and mumbles some strange words.
The magic dart hits you.
* * * LOW HITPOINT WARNING * * *
Natasha attacks as she pursues you! Natasha claws you.
* * * LOW HITPOINT WARNING * * *
Natasha barely misses you. Natasha attacks as she pursues you!
Natasha barely misses you.
Natasha casts a spell.
Natasha wildly gestures.
Natasha shimmers violently.
Natasha casts a spell at you. The magic dart hits you!
You die...
Natasha begins licking her fur clean.

#........#)#...............#..###
.....................#..........>
..........(............##..##.###
#.###..#.#.......................
..##.#.#.#.#.#.#.#.#.......##.###
###..........).......#.###.##.###
...#.#.#.#.#.#.#.#.#.#.# #.##....
#.#..................#.# #.##.###
...#.#.#.#.#.#.#@#.#.#.###.##.# #
...........................##.# #
...#.#.#.#.#.#.#.#.#.#.###.##.###
####..##.#.###h#.#...#...........
# #..##.#.###.......#.###.##.###
# #...[.(5..5...#...#.#...##.# #
####.###.#.###.###...#........# #
...........................##.# #
####.#####.###.###..###.#####.# #


You could see Natasha.

Vanquished Creatures
  A dart slug (D:1)
  A bat (D:1)
  4 endoplasms (D:1)
  2 giant cockroaches (D:1)
  A goblin (D:1)
  2 hobgoblins (D:1)
  6 quokkas
  A ball python (D:1)
  A frilled lizard (D:1)
  6 kobolds (D:1)
  3 rats (D:1)
28 creatures vanquished.

Notes
Turn   | Place    | Note
-------+----------+-------------------------------------------
     0 | D:1      | pokeman the Deep Elf Hedge Wizard began the quest for the
                  | Orb.
     0 | D:1      | Reached XP level 1. HP: 10/10 MP: 7/7
    18 | D:1      | Found Dioneer's Weapon Boutique.
   360 | D:1      | Reached XP level 2. HP: 16/16 MP: 5/9
   949 | D:1      | Reached skill level 5 in Spellcasting
  1179 | D:1      | Reached XP level 3. HP: 20/20 MP: 7/11
  1473 | D:2      | Noticed Natasha
  1494 | D:1      | Killed from afar by Natasha

Illustrated notes

Levels and vault maps discovered:
D:1:      psy_arrival_radial01, layout_basic, serial_shops,
          nicolae_shop_bloodbath_and_beyond, st_stairs_12
D:2:      layout_loops_corners, nicolae_grassy_gnolls, uniq_natasha

Skill      XL: |  1  2 |
---------------+-------+-----
Spellcasting   | 5 |  5.1
Fighting       | |  0.7
Armour         | |  0.8
Dodging        | |  2.4
Stealth        | |  2.4
Conjurations   | |  1.7
Summonings     | |  1.1
Translocations | |  1.1

Action                     || total
---------------------------++-------
  Melee: Dagger            ||    11
   Cast: Magic Dart        ||    64
 Armour: Robe              ||    13
  Dodge: Dodged            ||    14

Table legend: (Time is in decaauts)
 A = Elapsed time spent in this place.
 B = Non-inter-level travel time spent in this place.
 C = Inter-level travel time spent in this place.
 D = Time resting spent in this place.
 E = Time spent auto-exploring this place.
 F = Levels seen in this place.
 G = Mean time per level.
                   A        B        C        D        E       F      G
               +--------+--------+--------+--------+--------+-----+--------+
         Total |   1493 |   1476 |     17 |      0 |   1328 |   2 |  746.5 |
       Dungeon |   1493 |   1476 |     17 |      0 |   1328 |   2 |  746.5 |
               +--------+--------+--------+--------+--------+-----+--------+

Top non-repeatable levels by time:
     D:1: 1489 daAuts
     D:2: 4 daAuts
